 Dungeon Sprint DCSS version 0.22.1-1-ga44c0e56f4 (webtiles) character file.

1077 MuseOD the Covert (level 8, -6/44 (45) HPs)
             Began as a Spriggan Enchanter on Sept 27, 2018.
             Was a Believer of Dithmenos.
             Mangled by a two-headed ogre
             ... wielding a +0 giant club
              (23 damage)
             ... in the Dungeon (Sprint III: "The Ten Rune Challenge").
             The game lasted 00:05:08 (1373 turns).

MuseOD the Covert (Spriggan Enchanter)              Turns: 1373, Time: 00:05:09

HP:   -6/44 (45)    AC:  2    Str:  4    XL:     8   Next: 8%
MP:   1/17          EV: 18    Int: 19    God:    Dithmenos [**....]
Gold: 38            SH:  0    Dex: 16    Spells: 3/18 levels left

rFire    . . .     SeeInvis +   a - +1 dagger
rCold    . . .     Gourm    .   (shield restricted)
rNeg     . . .     Faith    .   b - +0 robe
rPois    .         Spirit   .   (helmet restricted)
rElec    .         Reflect  .   (no cloak)
rCorr    .         Harm     .   (gloves unavailable)
MR       +....     NoTele   +   (boots unavailable)
Stlth    +++++++...             (no amulet)
HPRegen  0.14/turn              (no ring)
MPRegen  0.15/turn              (no ring)

@: wreathed by umbra, very quick
A: very small, unfitting armour, see invisible, herbivore, speed 3, slow
metabolism 2
a: Shadow Step, Renounce Religion


You were in the Dungeon.
You worshipped Dithmenos.
Dithmenos was pleased with you.
You were near starving.

You visited 1 branch You collected 38 gold pieces.

Inventory:

Hand Weapons
 a - a +1 dagger (weapon)
Armour
 b - a +0 robe (worn)
Wands
 o - a wand of digging (11)
Scrolls
 c - 2 scrolls of torment {unknown}
 j - a scroll of blinking
 k - 2 scrolls of identify {unknown}
 l - 4 scrolls of remove curse
Potions
 e - a potion of curing
 f - a potion of heal wounds
 g - a potion of haste
 h - 2 potions of magic
 i - a potion of berserk rage
 m - 2 potions of flight {unknown}
 n - 7 potions of mutation
Comestibles
 d - 4 rations


   Skills:
 - Level 6.7 Fighting
 - Level 12.3 Short Blades
 - Level 3.0 Dodging
 + Level 14.1 Stealth
 + Level 5.5 Spellcasting
 + Level 6.0 Hexes


You had 3 spell levels left.
You knew the following spells:

 Your Spells              Type           Power        Failure   Level  Hunger
a - Corona                Hex            ####...      1%          1    None
b - Ensorcelled Hibernat  Hex/Ice        ###...       4%          2    None
c - Confuse               Hex            ####....     3%          3    ##.....
d - Dazzling Spray        Conj/Hex       ###...       10%         3    ##.....
e - Tukima's Dance        Hex            ####....     3%          3    ##.....
f - Mephitic Cloud        Conj/Pois/Air  #.......     34%         3    ##.....

Your spell library contained the following spells:

 Spells                   Type           Power        Failure   Level  Hunger
 Confusing Touch          Hex            ####..       1%          1    None
 Slow                     Hex            ####....     1%          2    None
 Animate Skeleton         Necr           N/A          12%         1    None
 Apportation              Tloc           #.....       12%         1    None
 Magic Dart               Conj           #...         12%         1    None
 Summon Small Mammal      Summ           #...         12%         1    None
 Blink                    Tloc           N/A          19%         2    None
 Call Imp                 Summ           #.......     19%         2    None
 Conjure Flame            Conj/Fire      #.......     34%         3    ##.....


Dungeon Overview and Level Annotations

Branches:
Dungeon (1/1)

Altars:
Dithmenos
Elyvilon
Kikubaaqudgha
Okawaru
Ru
Sif Muna
Trog
Uskayaw
Vehumet
Wu Jian
Yredelemnul
Zin
The Shining One
Beogh


Innate Abilities, Weirdness & Mutations

You are very small and have problems with some larger weapons.
You are too small for most types of armour.
You have supernaturally acute eyesight. (SInv)
You are a herbivore.
You cover ground extremely quickly.
You need to consume almost no food.


Message History

a dagger; a robe
There is an open door to the Ecumenical Temple here.
You close the door.
A two-headed ogre opens the door.
There is an open door here.
You start resting.
The two-headed ogre is too close now for your liking.
A two-headed ogre is nearby!
Casting: Confuse (safe; 3% risk of failure)
Confirm with . or Enter, or press ? or * to list all spells.
Aiming: Confuse (safe; 3% risk of failure)
Press: ? - help, Shift-Dir - straight line, f - two-headed ogre
Aim: a two-headed ogre, wielding a giant club and a giant spiked club (umbra, The two-headed ogre appears confused.
You hit the two-headed ogre.
The two-headed ogre is lightly wounded.
The two-headed ogre completely misses you.
The two-headed ogre hits you with a giant spiked club!!
Ouch! That really hurt!
You die...

▓..p..#....≈.♣♣♣..###
▓.....#...≈≈♣♣.♣..#..
▓.....#..≈≈≈≈♣....O.⌠
▓####'#..≈≈≈≈≈≈♣..#).
▓.....#.≈≈≈≈≈≈....#.⌠
▓.)...#.≈≈≈≈≈..O..#..
▓.....#.≈≈≈.......#'#
▓'#####...........#..
▓...@O............#__
▓▓▓▓▓▓▓▓▓▓▓▓▓▓▓▓▓▓▓▓▓


You could see a two-headed ogre (confused).

Vanquished Creatures
  A deep elf mage (D)
  A shadow (D)
  A necrophage (D)
  A jelly (D)
  A wizard (D)
  Jessica (D)
  A necromancer (D)
  A kobold demonologist (D)
  3 humans (D)
  An ooze (D)
  A phantom (D)
  A rat (D)
14 creatures vanquished.

Vanquished Creatures (others)
  2 draconian scorchers (D)
  6 hellions (D)
  2 yaktaurs (D)
10 creatures vanquished.

Grand Total: 24 creatures vanquished

Notes
Turn   | Place    | Note
-------+----------+-------------------------------------------
     0 | D        | MuseOD the Spriggan Enchanter began the quest for the Orb.
     0 | D        | Reached XP level 1. HP: 9/9 MP: 5/5
     8 | D        | Reached skill level 1 in Fighting
     8 | D        | Reached skill level 5 in Stealth
    12 | D        | Noticed Jessica
    15 | D        | Killed Jessica
    15 | D        | Reached skill level 6 in Stealth
    15 | D        | Reached XP level 2. HP: 15/15 MP: 6/6
    15 | D        | Reached XP level 3. HP: 18/18 MP: 8/8
    19 | D        | Learned a level 2 spell: Ensorcelled Hibernation
    23 | D        | Learned a level 3 spell: Confuse
    43 | D        | Reached skill level 5 in Short Blades
    43 | D        | Reached skill level 7 in Stealth
    85 | D        | Killed a yaktaur
   151 | D        | Killed a hellion
   151 | D        | Killed a hellion
   153 | D        | Killed a hellion
   161 | D        | Killed a hellion
   193 | D        | Killed a hellion
   233 | D        | Killed a white draconian scorcher
   253 | D        | Killed a white draconian scorcher
   278 | D        | Killed a hellion
   601 | D        | Killed a yaktaur
   638 | D        | Noticed a water elemental
   663 | D        | Found a glowing silver altar of Zin.
   663 | D        | Found a glowing golden altar of the Shining One.
   663 | D        | Found a white marble altar of Elyvilon.
   663 | D        | Noticed a deep elf mage
   666 | D        | Killed a deep elf mage
   666 | D        | Reached skill level 12 in Stealth
   666 | D        | Reached XP level 4. HP: 28/28 MP: 9/9
   666 | D        | Reached XP level 5. HP: 32/32 MP: 10/10
   666 | D        | Reached XP level 6. HP: 36/36 MP: 11/11
   673 | D        | Learned a level 3 spell: Dazzling Spray
   679 | D        | Found a basalt altar of Yredelemnul.
   679 | D        | Found a shadowy altar of Dithmenos.
   679 | D        | Found a sacrificial altar of Ru.
   688 | D        | Became a worshipper of Dithmenos the Shadowed
   704 | D        | Reached XP level 7. HP: 39/40 MP: 0/12
   799 | D        | Found a hide-covered altar of Uskayaw.
   799 | D        | Found a roughly hewn altar of Beogh.
   799 | D        | Found an iron altar of Okawaru.
   799 | D        | Found a bloodstained altar of Trog.
   799 | D        | Found an ornate altar of the Wu Jian Council.
   799 | D        | Noticed a human
   800 | D        | Noticed a human
   833 | D        | Killed a human
  1131 | D        | Killed a human
  1131 | D        | Reached * piety under Dithmenos
  1131 | D        | Reached skill level 13 in Stealth
  1242 | D        | Found a radiant altar of Vehumet.
  1242 | D        | Found a deep blue altar of Sif Muna.
  1242 | D        | Found an ancient bone altar of Kikubaaqudgha.
  1250 | D        | Reached skill level 5 in Hexes
  1286 | D        | Learned a level 3 spell: Tukima's Dance
  1290 | D        | Learned a level 3 spell: Mephitic Cloud
  1302 | D        | Noticed a shadow
  1304 | D        | Killed a shadow
  1304 | D        | Reached ** piety under Dithmenos
  1304 | D        | Reached skill level 14 in Stealth
  1304 | D        | Reached skill level 5 in Spellcasting
  1304 | D        | Reached XP level 8. HP: 32/44 MP: 11/17
  1373 | D        | Mangled by a two-headed ogre

Skill      XL: |  1  2  3  4  5  6  7  8 |
---------------+-------------------------+-----
Fighting       | 2 6 |  6.7
Short Blades   | 4 11 12 | 12.3
Stealth        | 6 12 14 | 14.1
Spellcasting   | 5 |  5.5
Hexes          | 5 6 |  6.0
Dodging        | |  3.0

Action                   |  1- 3 |  4- 6 |  7- 9 || total
-------------------------+-------+-------+-------++-------
Melee: Dagger            |    10 |     3 |    44 ||    57
 Cast: Confuse           |    10 |     4 |    17 ||    31
       Ensorcelled Hiber |       |       |     2 ||     2
 Stab: Sleeping          |     5 |     1 |     2 ||     8
       Confused          |     1 |     1 |     4 ||     6
Armor: Robe              |     2 |       |       ||     2
Dodge: Dodged            |    10 |     6 |    15 ||    31
